 Dungeon Crawl Stone Soup version 0.32-a0-660-g97ce250973 (webtiles) character file.

Game seed: 13761655551307757581

1989897 Kenran the Middleweight Champion (level 25, 254/254 HPs)
             Began as a Minotaur Summoner on Mar 8, 2024.
             Was the Champion of Wu Jian.
             Escaped with the Orb
             ... and 3 runes
             ... and 1 gem on Mar 9, 2024!
             The game lasted 01:48:53 (53662 turns).

Kenran the Middleweight Champion (MiSu)            Turns: 53662, Time: 01:48:53

Health: 254/254    AC: 49    Str: 27    XL:     25   Next: 95%
Magic:  24/24      EV: 20    Int:  5    God:    Wu Jian [******]
Gold:   4046       SH: 21    Dex: 24    Spells: 25/26 levels left

rFire   + +          +
                       - Unarmed
rCold   + . .        k - +5 kite shield {AC+3}
rNeg    . . .        F - +8 plate armour of Resonance {Will++ Str+2}
rPois   +            (helmet restricted)
rElec   +            P - +2 cloak
rCorr   .            G - +2 pair of gloves
SInv    .            Q - +1 pair of boots "Zott" {Fly Str+4 Int-5 Dex+3}
Will    +++..        s - amulet of regeneration Stlth
                     m - ring "Ytsumouxu" {rElec rPois rC+ AC+4}
HPRegen 1.42/turn    V - ring "Bopi" {Wiz rF++}
MPRegen 0.19/turn

%: wizardry (x1)
@: flying, studying Alchemy
A: horns 2, retaliatory headbutt, fangs 1, iridescent scales 1, agile 2, fire
resistance 1, wild magic 1, inability to drink after injury 1, devolution 1
0: Orb of Zot
}: 3/15 runes: barnacled, silver, gossamer
a: Renounce Religion, Wall Jump, Serpent's Lash, Heavenly Storm


You escaped.
You worshipped Wu Jian.
Wu Jian was exalted by your worship.
You visited 10 branches of the dungeon, and saw 48 of its levels.
You also visited: Volcano, Wizlab and Desolation.

You collected 9377 gold pieces.
You spent 5331 gold pieces at shops.

Inventory:

Missiles
 N - 3 throwing nets
Armour
 k - a +5 kite shield of protection (worn)
 F - the +8 plate armour of Resonance (worn) {Will++ Str+2}
   (You bought it in a shop on level 2 of the Orcish Mines)

   Str+2:     It affects your strength (+2).
   Will++:    It greatly increases your willpower.
 G - a +2 pair of gloves (worn)
 P - a +2 cloak (worn)
 Q - the +1 pair of boots "Zott" (worn) {Fly Str+4 Int-5 Dex+3}
   (You acquired it on level 3 of the Shoals)

   Str+4:     It affects your strength (+4).
   Int-5:     It affects your intelligence (-5).
   Dex+3:     It affects your dexterity (+3).
   Fly:       It grants you flight.
Jewellery
 m - the ring "Ytsumouxu" (left hand) {rElec rPois rC+ AC+4}
   (You acquired it on level 10 of the Dungeon)

   [ring of protection]

   AC+4:      It affects your AC (+4).
   rC+:       It protects you from cold.
   rElec:     It insulates you from electricity.
   rPois:     It protects you from poison.
 s - an amulet of regeneration (around neck)
 V - the ring "Bopi" (right hand) {Wiz rF++}
   (You bought it in a shop on level 5 of the Vaults)

   [ring of wizardry]

   Wiz:       It improves your spell success rate.
   rF++:      It greatly protects you from fire.
 W - a ring of resist corrosion
Wands
 d - a wand of mindburst (23)
 o - a wand of paralysis (91)
 t - a wand of iceblast (32)
 x - a wand of acid (28)
 z - a wand of flame (51)
 H - a wand of polymorph (29)
 T - a wand of digging (25)
Scrolls
 e - 21 scrolls of teleportation
 f - 3 scrolls of revelation
 h - 11 scrolls of fog
 q - 6 scrolls of immolation {!r}
 v - 15 scrolls of fear
 A - 8 scrolls of blinking
 B - 4 scrolls of silence
 C - 7 scrolls of poison {!r}
 J - a scroll of butterflies
 K - 2 scrolls of enchant armour
 L - 41 scrolls of identify {@r1}
Potions
 a - 30 potions of curing {@q1}
 b - 2 potions of magic
 c - a potion of ambrosia
 g - 9 potions of heal wounds {@q2}
 i - 6 potions of mutation {!q}
 j - 11 potions of lignification {!q}
 l - 5 potions of berserk rage {!q}
 n - 5 potions of invisibility
 p - 7 potions of cancellation
 r - 11 potions of attraction {!q}
 w - 5 potions of enlightenment
 D - 4 potions of resistance
 E - 6 potions of might
 R - 4 potions of haste
Miscellaneous
 I - a sack of spiders
 M - a phantom mirror
 O - a lightning rod (4/4)
 S - a tin of tremorstones (2/2)


   Skills:
 - Level 26.3 Fighting
 - Level 24.8 Armour
 - Level 16.1 Dodging
 - Level 1.5 Stealth
 - Level 18.0 Shields
 O Level 27 Unarmed Combat
 - Level 1.3 Spellcasting
 - Level 2.9 Summonings
 + Level 17.5 Evocations


You had 25 spell levels left.
You knew the following spells:

 Your Spells              Type           Power      Damage    Failure   Level
a - Summon Small Mammal   Summ           16%        N/A       32%         1

Your spell library contained the following spells:

 Spells                   Type           Power      Damage    Failure   Level
 Call Imp                 Summ           8%         N/A       41%         2
 Call Canine Familiar     Summ           4%         N/A       63%         3
 Apportation              Tloc           0%         N/A       67%         1
 Foxfire                  Conj/Fire      0%         2x1d4     67%         1
 Kiss of Death            Conj/Necr      0%         2d5       67%         1
 Magic Dart               Conj           0%         1d3       67%         1
 Necrotise                Necr           0%         1d4       67%         1
 Sandblast                Erth           0%         2d4       67%         1
 Slow                     Hex            0%         N/A       67%         1
 Sting                    Conj/Alch      0%         1d3       67%         1
 Blink                    Tloc           0%         N/A       80%         2
 Cigotuvi's Dreadful Rot  Necr/Alch/Air  0%         N/A       80%         2
 Jinxbite                 Hex            0%         N/A       80%         2
 Lesser Beckoning         Tloc           0%         N/A       80%         2
 Momentum Strike          Conj/Tloc      0%         3d8       80%         2
 Scorch                   Fire           0%         2d5       80%         2
 Searing Ray              Conj           0%         2d4       80%         2
 Static Discharge         Conj/Air       0%         3-3/arc   80%         2
 Sublimation of Blood     Necr           0%         N/A       80%         2
 Confusing Touch          Hex            0%         N/A       94%         3
 Dazzling Flash           Conj/Hex       0%         N/A       94%         3
 Frozen Ramparts          Ice            0%         1d1       94%         3
 Gell's Gravitas          Tloc           0%         N/A       94%         3
 Inner Flame              Hex/Fire       0%         N/A       94%         3
 Mephitic Cloud           Conj/Alch/Air  0%         N/A       94%         3
 Passwall                 Erth           0%         N/A       94%         3
 Sigil of Binding         Hex            0%         N/A       94%         3
 Stone Arrow              Conj/Erth      0%         3d7       94%         3
 Teleport Other           Tloc           0%         N/A       94%         3
 Tukima's Dance           Hex            0%         N/A       94%         3
 Vampiric Draining        Necr           0%         2d6       94%         3
 Volatile Blastmotes      Fire/Tloc      0%         2d10      94%         3
 Animate Armour           Summ/Erth      4%         N/A       99%         4
 Summon Blazeheart Golem  Fire/Summ      2%         N/A       99%         4
 Summon Lightning Spire   Summ/Air       2%         N/A       99%         4
 Airstrike                Air            0%         2d(0-16)  100%        4
 Anguish                  Hex/Necr       0%         N/A       100%        4
 Animate Dead             Necr           0%         N/A       100%        4
 Brom's Barrelling Bould  Conj/Erth      0%         2d3       100%        4
 Cause Fear               Hex            0%         N/A       100%        4
 Dimensional Bullseye     Hex/Tloc       0%         N/A       100%        4
 Dispel Undead            Necr           0%         3d6       100%        4
 Flame Wave               Conj/Fire      0%         2d4       100%        4
 Fulminant Prism          Conj/Alch      0%         3d5       100%        4
 Ignite Poison            Fire/Alch      0%         N/A       100%        4
 Iskenderun's Mystic Bla  Conj/Tloc      0%         2d3       100%        4
 Leda's Liquefaction      Alch/Erth      0%         N/A       100%        4
 Olgreb's Toxic Radiance  Alch           0%         N/A       100%        4
 Passage of Golubria      Tloc           0%         N/A       100%        4
 Petrify                  Alch/Erth      0%         N/A       100%        4
 Sticky Flame             Fire/Alch      0%         2d4       100%        4
 Vhi's Electric Charge    Tloc/Air       0%         N/A       100%        4
 Alistair's Intoxication  Alch           0%         N/A       100%        5
 Arcjolt                  Conj/Air       0%         1d10      100%        5
 Borgnjor's Vile Clutch   Necr/Erth      0%         N/A       100%        5
 Curse of Agony           Necr           0%         N/A       100%        5
 Fireball                 Conj/Fire      0%         3d3       100%        5
 Irradiate                Conj/Alch      0%         3d11      100%        5
 Lee's Rapid Deconstruct  Erth           0%         3d4*      100%        5
 Metabolic Englaciation   Hex/Ice        0%         N/A       100%        5
 Silence                  Hex/Air        0%         N/A       100%        5
 Yara's Violent Unravell  Hex/Alch       0%         3d3       100%        5
 Bombard                  Conj/Erth      0%         9d1       100%        6
 Conjure Ball Lightning   Conj/Air       0%         3x3d6     100%        6
 Death Channel            Necr           0%         N/A       100%        6
 Dispersal                Tloc           0%         N/A       100%        6
 Eringya's Noxious Bog    Alch           0%         4d6       100%        6
 Plasma Beam              Fire/Air       0%         2x1d10    100%        6
 Sculpt Simulacrum        Ice/Alch       0%         N/A       100%        6
 Starburst                Conj/Fire      0%         6d3       100%        6
 Malign Gateway           Summ/Tloc      1%         N/A       100%        7
 Ozocubu's Refrigeration  Ice            0%         4d7       100%        7
 Discord                  Hex            0%         N/A       100%        8
 Disjunction              Tloc           0%         N/A       100%        8
 Ignition                 Fire           0%         3d3       100%        8
 Infestation              Necr           0%         N/A       100%        8
 Lehudib's Crystal Spear  Conj/Erth      0%         10d2      100%        8
 Maxwell's Capacitive Co  Air            0%         ∞         100%        8
 Summon Horrible Things   Summ           2%         N/A       100%        8
 Chain Lightning          Conj/Air       0%         N/A       100%        9
 Dragon's Call            Summ           2%         N/A       100%        9
 Fire Storm               Conj/Fire      0%         5d1       100%        9
 Polar Vortex             Ice            0%         N/A       100%        9
 Shatter                  Erth           0%         3d5*      100%        9


Dungeon Overview and Level Annotations

Branches:
Dungeon (15/15)            Temple (1/1) D:7            Lair (5/5) D:10
 Shoals (4/4) Lair:2       Spider (4/4) Lair:3        Slime (0/5) Lair:5
    Orc (2/2) D:12            Elf (3/3) Orc:2        Vaults (5/5) D:13
  Crypt (0/3) Vaults:2     Depths (4/4) D:15            Zot (5/5) Depths:4
Volcano (visited)          WizLab (visited)         Desolation (visited)

Altars:
Ashenzari
Cheibriados
Dithmenos
Elyvilon
Fedhas
Gozag
Hepliaklqana
Kikubaaqudgha
Makhleb
Nemelex Xobeh
Okawaru
Qazlal
Ru
Sif Muna
Trog
Uskayaw
Vehumet
Wu Jian
Xom
Yredelemnul
Zin
The Shining One
Beogh

Shops:
D:4 *   D:9 ?   D:14 *   Orc:2 :*=[   Shoals:3 ?   Vaults:5 ?=?!

Portals:
Hell: Depths:1 Depths:2 Depths:3 Depths:4
Abyss: Zot:4 Depths:1 Depths:3 Depths:4
Pandemonium: Depths:2
Ziggurat: Depths:2
Trove: D:13 (give +5 fire dragon scales)

Annotations:
D:2 1 runed translucent door, Crazy Yiuf
D:12 exclusion: downstairs
Lair:2 1 runed translucent door, temujin's ghost, journeyman OnCj
Lair:4 2 transporters, exclusion: oklob plant, Hoory's ghost, journeyman GnSh
Spider:2 Roxanne
Elf:2 5 runed translucent doors
Elf:3 3 runed translucent doors
Zot:3 2 transporters, exclusion: obsidian statue
Zot:4 2 transporters, Adaxemni's ghost, legendary GrFi


Innate Abilities, Weirdness & Mutations

You have a pair of horns on your head.
You reflexively headbutt those who attack you in melee.
You have very sharp teeth.
You are partially covered in iridescent scales. (AC +2)
You are very agile. (Dex +8, Str/Int -2)
Your flesh is heat resistant. (rF+)
Your spells are a little harder to cast, but a little more powerful.
You occasionally lose the ability to drink potions when taking damage.
You have hidden genetic defects.


Message History

The demonspawn black sun is wielding a +0 demon whip of flaming.
You pulverise the soul eater!!!
The soul eater is heavily wounded.
You hit the soul eater.
You headbutt the soul eater, but do no damage.
The soul eater is heavily wounded.
You hit the soul eater but do no damage.
Your headbutt misses the soul eater.
The soul eater is heavily wounded.
The soul eater misses you. You furiously retaliate!
You headbutt the soul eater! You barely miss the soul eater.
You headbutt the soul eater.
The soul eater is severely wounded.
You squash the soul eater like an ant!!!
You kill the soul eater!
The Council accepts your kill.
You lunge at the demonspawn black sun, in a flurry of attacks.
The demonspawn black sun blocks your attack.
You headbutt the demonspawn black sun, but do no damage.
Your bite misses the demonspawn black sun.
The demonspawn black sun blocks your attack.
Your headbutt misses the demonspawn black sun.
The demonspawn black sun hits you but does no damage.
You pulverise the demonspawn black sun!!!
You headbutt the demonspawn black sun, but do no damage.
Your bite misses the demonspawn black sun.
The demonspawn black sun is severely wounded.
You beat the demonspawn black sun into a bloody pulp!!!
You kill the demonspawn black sun!
The Council accepts your kill.
No target in view!
No target in view!
Items here: ) [[ †.
You see here a +0 robe.
You see here a +0 club.
You see here a hobgoblin skeleton.
There is an open door here.
There is an escape hatch in the floor here.
There is a staircase leading out of the dungeon here.
You have escaped!

#.##.#.# ###...........### #.#
#.##...# ##....≣≣≣≣≣≣≣....###.#
#......###....≣≣.....≣≣....##.##
#............≣≣.......≣≣........
#..#...##....≣.........≣...##.##
#......##....≣.........≣..###.#
###.#####..≣≣≣'≣≣≣......≣.####.#
#.........≣≣..≣..≣≣.....≣......#
#.#.###..≣≣...≣.@.≣≣....≣÷######
#.#......≣....≣≣.».≣...≣≣.#
#.####...≣.....≣≣..≣..≣≣..#
#.####...≣......≣≣≣'≣≣≣...#
#........≣.........≣....#.#
#####....≣.........≣......#
#.#..≣≣.......≣≣....###
#.....≣≣.....≣≣....##
##.#...≣≣≣≣≣≣≣..####


There were no monsters in sight!

Vanquished Creatures
  13 orbs of fire
  2 ancient liches
  2 juggernauts
  Sojobo (Depths:3)
  Bai Suzhen (Vaults:4)
  2 Killer Klowns (Zot:5)
  A caustic shrike (Depths:2)
  Nikola (Shoals:2)
  13 golden dragons
  Arachne (Spider:4)
  11 tentacled monstrosities
  Rupert (D:13)
  3 electric golems (Zot:5)
  A pandemonium lord (D:15)
  3 liches
  A walking divine tome (Depths:2)
  3 deep elf blademasters (Elf:3)
  26 Orb Guardians
  7 titans
  A walking frostbound tome (Depths:2)
  5 quicksilver dragons
  A deep elf master archer (Elf:3)
  8 tentacled starspawn (WizLab)
  7 death cobs
  6 sphinxes
  Agnes (D:14)
  An Executioner (D:6)
  A protean progenitor (Zot:4)
  9 storm dragons
  14 tengu reavers
  2 draconian monks (Zot:2)
  10 shadow dragons
  Aizul (Shoals:2)
  4 draconian knights
  15 fire giants
  3 emperor scorpions (Spider:4)
  5 iron dragons
  18 vault wardens
  15 frost giants
  2 orc warlords
  3 deep elf sorcerers (Elf:3)
  5 ghost moths
  4 draconian shifters
  7 deep elf elementalists (Elf:3)
  An imperial myrmidon (Desolation)
  3 draconian scorchers
  4 cacodemons
  21 ironbound preservers
  2 draconian annihilators (Zot:1)
  24 very ugly things
  4 draconian stormcallers
  4 spriggan defenders
  8 ironbound thunderhulks
  2 broodmothers
  23 stone giants
  Nessos (D:12)
  2 vampire knights (Depths:2)
  13 deep elf demonologists
  2 green draconians
  13 white draconians
  3 black draconians
  7 deep elf death magi
  A demonspawn black sun (D:1)
  2 purple draconians
  8 red draconians
  8 deep elf annihilators
  A halazid warlock (Desolation)
  7 dire elephants
  10 spark wasps
  10 yellow draconians
  4 merfolk javelineers
  4 war gargoyles
  A green death (Zot:4)
  17 ettins
  6 entropy weavers
  5 crystal guardians
  10 fire dragons
  Josephine (D:12)
  10 deep elf high priests
  Snorg (D:13)
  12 great orbs of eyes
  9 merfolk impalers
  6 ragged hierophants (Desolation)
  6 hydras
  17 yaktaur captains
  8 rakshasas
  3 servants of whispers (Desolation)
  2 catoblepae
  4 spriggan air magi
  8 ice dragons
  36 vault guards
  A hell beast (D:15)
  2 jorogumos
  2 quicksilver dragon skeletons (Depths:3)
  7 ogre magi
  A radroach (Spider:4)
  A great orb of eyes (shapeshifter) (Depths:2)
  3 merfolk avatars
  8 centaur warriors
  An alligator snapping turtle (Shoals:3)
  7 peacekeepers
  A death knight (D:12)
  A boulder beetle (shapeshifter) (Depths:4)
  5 merfolk aquamancers
  18 two-headed ogres
  9 dancing weapons
  10 boulder beetles
  3 ironbound frosthearts
  15 demonic crawlers
  6 deep troll shamans
  Urug (D:11)
  5 deep troll earth magi
  10 death yaks
  3 satyrs
  8 tengu warriors
  2 vampire magi (Depths:2)
  An occultist (Depths:3)
  A soul eater (D:1)
  A titan zombie (Depths:3)
  A shock serpent (shapeshifter) (Vaults:3)
  2 hell knights
  2 spriggan berserkers (Depths:2)
  2 sun demons
  11 deep elf knights
  A fire crab (shapeshifter) (D:13)
  3 skysharks
  A wretched star (WizLab)
  10 skeletal warriors
  4 pharaoh ants
  A spark wasp zombie (Depths:3)
  64 deep trolls
  A death drake (shapeshifter) (Depths:2)
  5 iron trolls
  6 arcanists
  2 flayed ghosts
  9 sea snakes
  2 orange crystal statues
  A swamp dragon (shapeshifter) (Vaults:5)
  2 sun moths
  10 orb spiders
  A swamp dragon (Lair:5)
  10 glowing orange brains
  8 harpies
  A sun moth (shapeshifter) (Vaults:5)
  2 tengu zombies (Vaults:3)
  An orb spider (shapeshifter) (Depths:4)
  11 orc knights
  A steelbarb worm (Spider:4)
  6 necromancers
  16 ironbound convokers
  20 deep elf zephyrmancers
  4 thermic dynamos (Elf:3)
  3 phantasmal warriors
  9 deep elf archers
  A harpy (shapeshifter) (Vaults:5)
  Pikel (D:3)
  22 deep elf pyromancers
  A stone giant zombie (Vaults:3)
  2 salamanders (Depths:1)
  13 wolf spiders
  3 lindwurms
  31 ugly things
  11 manticores
  23 fauns
  A shining eye (shapeshifter) (Elf:1)
  2 orc sorcerers
  A cyclops (shapeshifter) (D:15)
  A meliai (shapeshifter) (D:13)
  5 cyclopes
  4 meliai
  19 moths of wrath
  4 elephants (Lair:4)
  8 black mambas
  16 merfolk sirens
  5 eyes of devastation (WizLab)
  A kobold blastminer (Orc:2)
  2 orange demons
  17 vault sentinels
  An eye of devastation (shapeshifter) (Elf:1)
  3 guardian serpents (Desolation)
  4 water nymphs
  10 cane toads
  A yaktaur zombie (Vaults:3)
  A molten gargoyle (Volcano)
  3 torpor snails
  4 rime drakes
  3 unseen horrors
  A kobold demonologist (D:14)
  42 yaktaurs
  A yaktaur (shapeshifter) (Depths:3)
  10 komodo dragons
  8 trolls
  Psyche (D:11)
  4 tengu conjurers
  23 merfolk
  8 hornets
  2 red devils (Volcano)
  9 wind drakes
  24 tarantellas
  13 blink frogs
  42 saltlings (Desolation)
  A tyrant leech (shapeshifter) (Elf:1)
  A wind drake (shapeshifter) (D:14)
  A glass eye (Depths:1)
  4 dream sheep (Shoals:4)
  8 snapping turtles
  An elf zombie (Vaults:1)
  A ynoxinul (D:15)
  44 slime creatures
  4 air elementals
  13 culicivoras
  34 jumping spiders
  3 spriggans
  8 wraiths
  4 wyverns
  2 spriggans (shapeshifter)
  51 yaks
  18 water elementals
  5 fire bats (Volcano)
  6 basilisks
  5 fire elementals
  16 humans
  2 basilisks (shapeshifter) (Elf:1)
  59 redbacks
  2 wargs
  2 steam dragons (Lair:5)
  9 vampire mosquitoes
  A neqoxec (D:6)
  2 swamp worms (shapeshifter) (Depths:3)
  12 water moccasins
  8 hydra simulacra (Depths:1)
  5 hell hounds
  5 acid dragons
  An ogre skeleton (Vaults:1)
  A black bear (shapeshifter) (Elf:1)
  A sky beast (D:7)
  20 orc warriors
  2 ice beasts
  A laughing skull (D:13)
  3 swamp drakes (Lair:5)
  3 black bears
  32 ogres
  A boggart (D:13)
  24 wolves
  5 centaurs
  2 phantoms
  4 lemures (D:3)
  18 bullfrogs
  3 human zombies (Vaults:1)
  2 kobold brigands
  Blork the orc (D:6)
  6 earth elementals
  3 scorpions (D:6)
  28 wights
  A human simulacrum (Vaults:3)
  15 killer bees
  2 electric eels (Lair:3)
  A howler monkey (D:9)
  5 lava snakes (Volcano)
  2 bombardier beetles (D:6)
  5 jellies
  A gnoll bouda (D:6)
  19 orc priests
  3 hounds
  7 starcursed masses (WizLab)
  A sleepcap (D:6)
  Terence (D:3)
  Jessica (D:3)
  6 iguanas
  20 orc wizards
  7 hell rats (Lair:2)
  Natasha (thrice) (D:4)
  9 gnolls
  11 adders
  2 ufetubi (D:6)
  A dart slug (D:3)
  3 ribbon worms
  71 orcs
  4 bats
  10 endoplasms
  13 giant cockroaches
  6 goblins
  6 hobgoblins
  17 kobolds
  2 quokkas
  9 ball pythons
  2 frilled lizards
  7 rats
  2 aspiring fleshes (Zot:4)
  A ball lightning (D:6)
  15 starspawn tentacles (WizLab)
2162 creatures vanquished.

Vanquished Creatures (others)
  A pandemonium lord (D:6)
  An occultist (D:12)
  A soul eater (D:6)
  A deep elf knight (Elf:2)
  A smoke demon (D:15)
  A yaktaur (Vaults:1)
  An orc (Orc:2)
  10 ball lightnings (D:6)
  11 starspawn tentacles (WizLab)
28 creatures vanquished.

Grand Total: 2190 creatures vanquished

Notes
Turn   | Place    | Note
-------+----------+-------------------------------------------
     0 | D:1      | Kenran the Minotaur Summoner began the quest for the Orb.
     0 | D:1      | Reached XP level 1. HP: 14/14 MP: 1/1
    62 | D:1      | Reached skill level 1 in Unarmed Combat
   154 | D:1      | Reached XP level 2. HP: 15/20 MP: 3/3
   160 | D:1      | Reached skill level 2 in Unarmed Combat
   775 | D:1      | Reached skill level 3 in Unarmed Combat
   784 | D:1      | Reached XP level 3. HP: 25/26 MP: 4/4
  1211 | D:2      | Reached skill level 4 in Unarmed Combat
  1211 | D:2      | Reached XP level 4. HP: 16/33 MP: 5/5
  1423 | D:2      | Found a bloodstained altar of Trog.
  1795 | D:2      | Reached skill level 5 in Unarmed Combat
  1956 | D:2      | Found a runed translucent door.
  1957 | D:2      | Noticed Crazy Yiuf
  2094 | D:3      | Reached XP level 5. HP: 12/38 MP: 6/6
  2618 | D:3      | Noticed Jessica
  2637 | D:3      | Killed Jessica
  2638 | D:3      | Reached skill level 6 in Unarmed Combat
  2675 | D:3      | Identified the +0 ring mail of Tuesoamn {rN+ rCorr Int+4
                  | Dex+2}
  2754 | D:3      | Noticed Terence
  2764 | D:3      | Killed Terence
  2765 | D:3      | Reached XP level 6. HP: 33/45 MP: 7/7
  3259 | D:4      | Noticed Pikel
  3513 | D:4      | Reached skill level 7 in Unarmed Combat
  3728 | D:4      | Noticed Natasha
  3738 | D:4      | Killed Natasha
  3794 | D:4      | Found Nokanizu's Serpentskin Sales.
  4108 | D:4      | Found Nokanizu's Serpentskin Sales.
  4251 | D:4      | Noticed Natasha
  4259 | D:4      | Killed Natasha
  4453 | D:3      | HP: 2/45 [Pikel/+0 whip of flaming (3)]
  4459 | D:3      | HP: 2/45 [Pikel/+0 whip of flaming (1)]
  4460 | D:3      | Killed Pikel
  4461 | D:3      | Reached skill level 9 in Unarmed Combat
  4461 | D:3      | Reached XP level 7. HP: 2/50 MP: 8/8
  4769 | D:4      | Noticed Natasha
  4777 | D:4      | Killed Natasha
  5134 | D:5      | Entered Level 5 of the Dungeon
  5203 | D:4      | Reached skill level 10 in Unarmed Combat
  5203 | D:4      | Reached XP level 8. HP: 51/61 MP: 9/9
  5549 | D:5      | Reached skill level 5 in Fighting
  5766 | D:5      | Found an opulent altar of Gozag.
  5848 | D:6      | Reached skill level 1 in Armour
  6119 | D:5      | Reached skill level 5 in Armour
  6141 | D:6      | Noticed Blork the orc
  6149 | D:6      | Killed Blork the orc
  6150 | D:6      | Reached XP level 9. HP: 75/75 MP: 10/10
  6473 | D:6      | Reached skill level 11 in Unarmed Combat
  6496 | D:6      | Paralysed by an orc for 2 turns
  6501 | D:6      | Paralysed by an orc for 2 turns
  6506 | D:6      | Paralysed by an orc for 3 turns
  6753 | D:6      | Reached skill level 12 in Unarmed Combat
  7443 | D:7      | Found a staircase to the Ecumenical Temple.
  7452 | Temple   | Entered the Ecumenical Temple
  7487 | Temple   | Became a worshipper of the Wu Jian Council
  7690 | D:8      | Reached XP level 10. HP: 82/91 MP: 11/11
  7735 | D:8      | Identified the +7 ring mail of Kogauniu {Harm Rampage}
  7900 | D:8      | Reached skill level 10 in Fighting
  8681 | D:9      | Reached skill level 13 in Unarmed Combat
  8734 | D:9      | Reached * piety under Wu Jian
  8809 | D:9      | Found Ynyuw's Magic Scroll Boutique.
  8817 | D:9      | Bought a scroll of identify for 34 gold pieces
  8817 | D:9      | Bought a scroll of identify for 34 gold pieces
  8910 | D:9      | Identified the +0 ring mail of Lukku {Str+4}
  9059 | D:9      | Reached skill level 14 in Unarmed Combat
  9392 | D:10     | Entered Level 10 of the Dungeon
  9585 | D:10     | Noticed a two-headed ogre
  9590 | D:10     | Killed a two-headed ogre
  9591 | D:10     | Reached XP level 11. HP: 87/99 MP: 12/12
  9667 | D:10     | Found a staircase to the Lair.
  9804 | D:10     | Reached ** piety under Wu Jian
 10104 | D:10     | Identified a scroll of acquirement
 10105 | D:10     | Acquired the ring "Ytsumouxu" {rElec rPois rC+ AC+4}
 10195 | D:11     | Noticed Psyche
 10242 | D:11     | Killed Psyche
 10243 | D:11     | Reached skill level 10 in Armour
 10243 | D:11     | Reached skill level 1 in Evocations
 10294 | D:11     | Noticed Urug
 10294 | D:11     | Noticed a boulder beetle
 10903 | D:11     | Reached skill level 5 in Evocations
 10967 | Lair:1   | Entered Level 1 of the Lair of Beasts
 11104 | Lair:1   | Reached *** piety under Wu Jian
 11468 | Lair:1   | Reached XP level 12. HP: 96/106 MP: 13/13
 11623 | Lair:1   | Reached skill level 15 in Unarmed Combat
 12318 | Lair:2   | Reached skill level 16 in Unarmed Combat
 12373 | Lair:2   | Reached **** piety under Wu Jian
 12473 | Lair:2   | Found a runed translucent door.
 12486 | Lair:2   | Noticed temujin's ghost (journeyman OnCj)
 12821 | Lair:2   | Reached skill level 17 in Unarmed Combat
 12859 | Lair:2   | Found a staircase to the Shoals.
 13007 | Lair:2   | Noticed a seven-headed hydra
 13016 | Lair:2   | Killed a seven-headed hydra
 13079 | Lair:2   | Noticed an eight-headed hydra
 13090 | Lair:2   | Killed an eight-headed hydra
 13296 | Lair:3   | Noticed a death yak
 13309 | Lair:3   | Noticed a death yak
 13310 | Lair:3   | Noticed a death yak
 13311 | Lair:3   | Noticed a death yak
 13322 | Lair:2   | Reached XP level 13. HP: 92/119 MP: 14/14
 13360 | Lair:2   | Reached ***** piety under Wu Jian
 13491 | Lair:3   | Found a dark tunnel.
 13496 | Volcano  | Entered a volcano
 13726 | Volcano  | Found a burning altar of Makhleb.
 13782 | Volcano  | Reached skill level 5 in Dodging
 13865 | Lair:3   | Found a hole to the Spider Nest.
 14319 | Lair:4   | Found a transporter.
 14585 | Lair:4   | Found a transporter.
 14599 | Lair:4   | Noticed Hoory's ghost (journeyman GnSh)
 14660 | Lair:4   | Reached XP level 14. HP: 129/132 MP: 15/15
 14879 | Lair:4   | Found the +5 scythe "Finisher" {speed, execute}
 14976 | Lair:5   | Entered Level 5 of the Lair of Beasts
 15126 | Lair:5   | Reached skill level 18 in Unarmed Combat
 15284 | Lair:5   | Got the Volume of the White Caves
 15392 | Lair:5   | Acquired 961 gold pieces
 15474 | Lair:5   | Found a staircase to the Slime Pits.
 15657 | Lair:5   | Got the Handbook of the Seismic Athanor
 15964 | Lair:5   | Acquired 653 gold pieces
 16218 | D:11     | Killed Urug
 16219 | D:11     | Reached skill level 19 in Unarmed Combat
 16570 | D:12     | Noticed Nessos
 16579 | D:12     | Reached ****** piety under Wu Jian
 16586 | D:12     | Killed Nessos
 16673 | D:12     | Found a staircase to the Orcish Mines.
 16850 | D:12     | Noticed Josephine
 16860 | D:12     | Killed Josephine
 17229 | D:12     | Upgraded the game from 0.32-a0-646-g91cf321817 to
                  | 0.32-a0-660-g97ce250973
 17259 | D:13     | Noticed Rupert
 17259 | D:13     | Found a gate to the Vaults.
 17310 | D:13     | Noticed Snorg
 17324 | D:13     | Killed Snorg
 17567 | D:13     | Reached skill level 20 in Unarmed Combat
 17708 | D:13     | Noticed a purple very ugly thing
 17758 | D:12     | Killed a purple very ugly thing
 17874 | D:13     | Reached skill level 15 in Fighting
 18080 | D:13     | Found a portal to a secret trove of treasure.
 18250 | D:13     | Reached XP level 15. HP: 118/144 MP: 16/16
 18283 | D:13     | Killed Rupert
 18863 | D:14     | Noticed Agnes
 19242 | D:14     | Reached skill level 21 in Unarmed Combat
 19587 | D:14     | Found Qovvef's Assorted Antiques.
 19596 | D:14     | Bought a scroll of blinking for 247 gold pieces
 19596 | D:14     | Bought a glowing plate armour for 858 gold pieces
 19873 | D:14     | Killed Agnes
 20065 | D:14     | Found Qovvef's Assorted Antiques.
 20442 | D:15     | Entered Level 15 of the Dungeon
 20628 | D:15     | Found a glowing golden altar of the Shining One.
 20684 | D:15     | Reached skill level 22 in Unarmed Combat
 21327 | D:15     | Found a staircase to the Depths.
 21467 | Orc:1    | Entered Level 1 of the Orcish Mines
 21752 | Orc:2    | Entered Level 2 of the Orcish Mines
 21752 | Orc:2    | Found a staircase to the Elven Halls.
 21771 | Orc:2    | Reached skill level 15 in Armour
 21904 | Orc:2    | Paralysed by an ogre mage for 4 turns
 21971 | Orc:2    | Reached XP level 16. HP: 143/151 MP: 17/17
 22032 | Orc:2    | Found a roughly hewn altar of Beogh.
 22185 | Orc:2    | Found Qeicaqul's Armour Emporium.
 22186 | Orc:2    | Found Qecuint's Jewellery Boutique.
 22195 | Orc:2    | Found Gulir's Assorted Antiques.
 22195 | Orc:2    | Found Yschuru's Book Shoppe.
 22206 | Orc:2    | Bought the +8 plate armour of Resonance {Will++ Str+2} for
                  | 1146 gold pieces
 22206 | Orc:2    | Bought a +2 pair of gloves for 214 gold pieces
 22484 | Spider:1 | Entered Level 1 of the Spider Nest
 23022 | Spider:1 | Reached skill level 1 in Shields
 24033 | Spider:2 | Reached skill level 5 in Shields
 24113 | Spider:2 | Noticed Roxanne
 26238 | Spider:3 | Reached XP level 17. HP: 161/163 MP: 18/18
 26407 | Spider:4 | Entered Level 4 of the Spider Nest
 26738 | Spider:4 | Noticed Arachne
 26966 | Spider:4 | Gained mutation: Your health recovers twice as slowly from
                  | being drained. [mutagenic glow]
 26974 | Spider:4 | Lost mutation: Your health recovers twice as slowly from
                  | being drained. [potion of mutation]
 26974 | Spider:4 | Gained mutation: Your system is resistant to poisons.
                  | (rPois) [potion of mutation]
 26974 | Spider:4 | Gained mutation: You are partially covered in iridescent
                  | scales. (AC +2) [potion of mutation]
 26974 | Spider:4 | Gained mutation: You have a pair of large horns on your
                  | head. [potion of mutation]
 27257 | Spider:4 | Reached skill level 23 in Unarmed Combat
 27513 | Spider:4 | Killed Arachne
 27869 | Spider:4 | Got a gossamer rune of Zot
 28074 | Shoals:1 | Entered Level 1 of the Shoals
 28918 | Shoals:2 | Noticed Nikola
 28942 | Shoals:2 | Killed Nikola
 28968 | Shoals:2 | Identified the serpent talisman of the Mantidfly {rElec
                  | Str+3 Int-2 Stlth+}
 28968 | Shoals:2 | Noticed Aizul
 28984 | Shoals:2 | Killed Aizul
 29251 | Shoals:2 | Reached skill level 24 in Unarmed Combat
 30409 | Shoals:3 | Found Pukhleoryp's Magic Scroll Shop.
 30418 | Shoals:3 | Bought a scroll of acquirement for 780 gold pieces
 30418 | Shoals:3 | Bought a scroll of blinking for 112 gold pieces
 30418 | Shoals:3 | Bought a scroll of revelation for 112 gold pieces
 30418 | Shoals:3 | Bought a scroll of revelation for 112 gold pieces
 30418 | Shoals:3 | Acquired the +1 pair of boots "Zott" {Fly Str+4 Int-5
                  | Dex+3}
 30559 | Shoals:4 | Entered Level 4 of the Shoals
 30620 | Shoals:4 | Reached XP level 18. HP: 162/176 MP: 19/19
 31277 | Shoals:4 | Got a barnacled rune of Zot
 31515 | Shoals:4 | Identified the staff of the Skies Above {rPois Conj}
 31923 | Vaults:1 | Entered Level 1 of the Vaults
 32146 | Vaults:1 | Found a magical portal.
 32151 | WizLab   | Entered Lehudib's Moon Base
 32372 | WizLab   | Identified the +0 robe "Fuaj" {*Corrode Regen+ Slay+2}
 32577 | WizLab   | Identified the +1 pair of gloves of Verdant Freedom {Int+4}
 32787 | WizLab   | Found a transporter.
 32793 | WizLab   | Reached XP level 19. HP: 191/191 MP: 20/20
 32899 | WizLab   | Found a transporter.
 33716 | Vaults:1 | Reached skill level 25 in Unarmed Combat
 33727 | Vaults:1 | Identified the +3 shortbow of Bespelled Defiance {drain,
                  | rF+ rN+}
 34569 | Vaults:2 | Reached skill level 26 in Unarmed Combat
 35004 | Vaults:2 | Identified the ring "Kaihiyq" {Fire +Blink Dex+7}
 35065 | Vaults:2 | Found a staircase to the Crypt.
 35065 | Vaults:2 | Found a basalt altar of Yredelemnul.
 35066 | Vaults:2 | Found an ancient bone altar of Kikubaaqudgha.
 35392 | Vaults:2 | Reached XP level 20. HP: 173/200 MP: 21/21
 35679 | Vaults:2 | Reached skill level 27 in Unarmed Combat
 36961 | Vaults:4 | Found a crumbling gateway.
 36975 | Desolati | Entered the Desolation of Salt
 37069 | Desolati | Reached skill level 10 in Evocations
 37091 | Desolati | Identified the ring "Weabbiza" {rC+ Str+2}
 37096 | Desolati | Identified the ring "Ucripp" {Fly rC+ Int+4}
 37182 | Desolati | Got the Annotations on Hurting
 37213 | Desolati | Got Sif Muna's Book of the Ironbound End
 37529 | Desolati | Identified the amulet "Ifayhipt" {Reflect Rampage rN+ SH+5}
 37536 | Desolati | Got the Compendium of the Called Singularity
 37701 | Vaults:4 | Noticed Bai Suzhen
 37710 | Vaults:4 | Killed Bai Suzhen
 37982 | Vaults:4 | Reached XP level 21. HP: 207/207 MP: 22/22
 38056 | Vaults:4 | Identified the +5 scale mail of Zyunufru {rPois Int-5 Dex+2
                  | SInv}
 38984 | Depths:1 | Entered Level 1 of the Depths
 39128 | Depths:1 | Found a gateway to Hell.
 39301 | Depths:1 | Found a one-way gate to the infinite horrors of the Abyss.
 39612 | Depths:1 | Found the +3 greatsling "Punk" {acid, rCorr}
 39614 | Depths:1 | Noticed a juggernaut
 39622 | Depths:1 | Killed a juggernaut
 39759 | Depths:1 | Reached skill level 10 in Shields
 39811 | Depths:1 | Noticed a golden dragon
 39814 | Depths:1 | Killed a golden dragon
 40257 | Depths:2 | Found a burning altar of Makhleb.
 40258 | Depths:2 | Found an ancient bone altar of Kikubaaqudgha.
 40258 | Depths:2 | Found a snail-covered altar of Cheibriados.
 40258 | Depths:2 | Found a broken altar of Ashenzari.
 40497 | Depths:2 | Noticed a golden dragon
 40513 | Depths:2 | Killed a golden dragon
 40744 | Depths:2 | Identified the +7 glaive "Qaquneox" {flame, rCorr}
 41230 | Depths:2 | Noticed a juggernaut
 41239 | Depths:2 | Killed a juggernaut
 41242 | Depths:2 | Reached XP level 22. HP: 194/220 MP: 23/23
 41246 | Depths:2 | Got the Catalogue of Mortuary Maleficia
 41485 | Depths:2 | Noticed an ancient lich
 41490 | Depths:2 | Killed an ancient lich
 41541 | Depths:2 | Reached skill level 10 in Dodging
 41751 | Depths:2 | Noticed a caustic shrike
 41764 | Depths:2 | Killed a caustic shrike
 41857 | Depths:2 | Found a one-way gateway to a ziggurat.
 42150 | Depths:2 | Found a runed translucent door.
 42150 | Depths:2 | Noticed a golden dragon
 42155 | Depths:2 | Found a one-way gate leading to the halls of Pandemonium.
 42161 | Depths:2 | Killed a golden dragon
 42356 | Depths:2 | Identified the +6 dagger "Beastbane" {drain, Will+}
 42539 | Depths:3 | Noticed Sojobo
 42571 | Depths:3 | Killed Sojobo
 42585 | Depths:3 | Noticed a golden dragon
 42617 | Depths:3 | Killed a golden dragon
 43500 | Depths:4 | Entered Level 4 of the Depths
 43587 | Depths:4 | Noticed a golden dragon
 43592 | Depths:4 | Killed a golden dragon
 43671 | Depths:4 | Found a gate to the Realm of Zot.
 43944 | Depths:4 | Noticed a golden dragon
 43954 | Depths:4 | Killed a golden dragon
 44460 | Elf:1    | Entered Level 1 of the Elven Halls
 44479 | Elf:1    | Found a radiant altar of Vehumet.
 44483 | Elf:1    | Reached XP level 23. HP: 229/229 MP: 24/24
 44502 | Elf:1    | Found a shimmering blue altar of Sif Muna.
 44538 | Elf:2    | Found a huge runed translucent gate.
 44538 | Elf:2    | Found a huge runed translucent gate.
 44538 | Elf:2    | Found a huge runed translucent gate.
 44538 | Elf:2    | Found a huge runed translucent gate.
 44538 | Elf:2    | Found a huge runed translucent gate.
 44669 | Elf:3    | Entered Level 3 of the Elven Halls
 44707 | Elf:3    | Found a runed translucent gate.
 44707 | Elf:3    | Found a runed translucent gate.
 44708 | Elf:3    | Found a runed translucent gate.
 45005 | Elf:3    | Identified the +5 falchion of Kaal {freeze, Int+4 SInv}
 45005 | Elf:3    | Identified the +8 demon blade "Boes" {freeze, *Noise Str+3
                  | Int-2 Dex+6}
 45005 | Elf:3    | Identified the ring "Diamn" {Will+ Str-3 Int+6 SInv Stlth+}
 45012 | Elf:3    | Paralysed by an air elemental for 1 turns
 45046 | Elf:3    | Got a shimmering gem with 1286 turns to spare
 45093 | Elf:3    | Got the Quarto of Spagyric Signs
 45110 | Elf:3    | Got More Veiled Understanding
 45177 | Elf:3    | Identified the +3 battleaxe of Courage {flame, rF- rN+
                  | Str+3 SInv}
 45181 | Elf:3    | Identified the staff of the Scorpion {*Corrode rElec rPois
                  | rC+++ Str-4 Air}
 45183 | Elf:3    | Identified the +4 glaive of Lelerohiubo {drain, *Corrode
                  | rPois Dex+6}
 45391 | Elf:3    | Reached skill level 15 in Shields
 46251 | Elf:1    | Paralysed by an air elemental for 1 turns
 46550 | Elf:1    | Paralysed by an air elemental for 1 turns
 46992 | Vaults:5 | Entered Level 5 of the Vaults
 46993 | Vaults:5 | Found Naigem's Magic Scroll Shop.
 47034 | Vaults:5 | Bought a scroll of fear for 88 gold pieces
 47034 | Vaults:5 | Bought a scroll of fear for 88 gold pieces
 47038 | Vaults:5 | Found Toacoali's Distillery.
 47235 | Vaults:5 | Bought a potion of haste for 130 gold pieces
 47235 | Vaults:5 | Bought a potion of heal wounds for 65 gold pieces
 47235 | Vaults:5 | Bought a potion of resistance for 130 gold pieces
 47235 | Vaults:5 | Bought a potion of might for 52 gold pieces
 47235 | Vaults:5 | Bought 2 potions of haste for 260 gold pieces
 47235 | Vaults:5 | Bought a potion of might for 52 gold pieces
 47433 | Vaults:5 | Reached XP level 24. HP: 228/243 MP: 24/24
 47459 | Vaults:5 | Found Ynkarye's Magic Scroll Shoppe.
 47906 | Vaults:5 | Got a silver rune of Zot
 48263 | Vaults:5 | Found Meell's Jewellery Emporium.
 48546 | Vaults:5 | Bought the ring "Bopi" {Wiz rF++} for 817 gold pieces
 48906 | Zot:1    | Entered Level 1 of the Realm of Zot
 48970 | Zot:1    | Reached skill level 15 in Dodging
 48999 | Zot:1    | Noticed an orb of fire
 49007 | Zot:1    | Gained mutation: You are clumsy. (Dex -2) [an orb of fire]
 49008 | Zot:1    | Killed an orb of fire
 49548 | Zot:2    | Found an opulent altar of Gozag.
 49565 | Zot:2    | Found an opulent altar of Gozag.
 49968 | Zot:2    | Found an opulent altar of Gozag.
 50277 | Zot:3    | Noticed an orb of fire
 50658 | Zot:3    | Found a transporter.
 50659 | Zot:3    | Noticed a Killer Klown
 50684 | Zot:3    | Found a transporter.
 50734 | Zot:4    | Found a transporter.
 50820 | Zot:4    | Noticed Adaxemni's ghost (legendary GrFi)
 50948 | Zot:4    | Noticed an orb of fire
 50960 | Zot:4    | Killed an orb of fire
 51345 | Zot:4    | Found a transporter.
 51393 | Zot:4    | Reached XP level 25. HP: 234/254 MP: 24/24
 51579 | Zot:5    | Entered Level 5 of the Realm of Zot
 52146 | Zot:5    | Noticed an orb of fire
 52149 | Zot:5    | Noticed an orb of fire
 52149 | Zot:5    | Gained mutation: You occasionally shout uncontrollably at
                  | your foes. [an orb of fire]
 52151 | Zot:5    | Gained mutation: Your body sometimes deteriorates upon
                  | taking damage. [an orb of fire]
 52158 | Zot:5    | Noticed an orb of fire
 52167 | Zot:5    | Killed an orb of fire
 52178 | Zot:5    | Killed an orb of fire
 52182 | Zot:5    | Killed an orb of fire
 52220 | Zot:5    | Noticed an orb of fire
 52234 | Zot:5    | Killed an orb of fire
 52245 | Zot:5    | Noticed an orb of fire
 52258 | Zot:5    | Killed an orb of fire
 52387 | Zot:5    | Noticed a Killer Klown
 52402 | Zot:5    | Killed a Killer Klown
 52417 | Zot:5    | Noticed an orb of fire
 52417 | Zot:5    | Gained mutation: You occasionally lose the ability to drink
                  | potions when taking damage. [an orb of fire]
 52417 | Zot:5    | Gained mutation: You are very clumsy. (Dex -4) [an orb of
                  | fire]
 52425 | Zot:5    | Gained mutation: Your health recovers twice as slowly from
                  | being drained. [an orb of fire]
 52431 | Zot:5    | Killed an orb of fire
 52471 | Zot:5    | Lost mutation: Your health recovers twice as slowly from
                  | being drained. [potion of mutation]
 52471 | Zot:5    | Lost mutation: You occasionally shout uncontrollably at
                  | your foes. [potion of mutation]
 52471 | Zot:5    | Lost mutation: Your body sometimes deteriorates upon taking
                  | damage. [potion of mutation]
 52471 | Zot:5    | Gained mutation: Your spells are a little harder to cast,
                  | but a little more powerful. [potion of mutation]
 52472 | Zot:5    | Lost mutation: You have a pair of large horns on your head.
                  | [potion of mutation]
 52472 | Zot:5    | Lost mutation: You are partially covered in iridescent
                  | scales. (AC +2) [potion of mutation]
 52472 | Zot:5    | Lost mutation: You are very clumsy. (Dex -4) [potion of
                  | mutation]
 52473 | Zot:5    | Lost mutation: Your spells are a little harder to cast, but
                  | a little more powerful. [potion of mutation]
 52473 | Zot:5    | Lost mutation: You occasionally lose the ability to drink
                  | potions when taking damage. [potion of mutation]
 52473 | Zot:5    | Lost mutation: Your system is resistant to poisons. (rPois)
                  | [potion of mutation]
 52473 | Zot:5    | Gained mutation: You have very sharp teeth. [potion of
                  | mutation]
 52567 | Zot:5    | Reached skill level 15 in Evocations
 52652 | Zot:5    | Noticed an orb of fire
 52652 | Zot:5    | Gained mutation: You occasionally lose the ability to read
                  | scrolls when taking damage. [an orb of fire]
 52657 | Zot:5    | Noticed an orb of fire
 52658 | Zot:5    | Noticed an orb of fire
 52661 | Zot:5    | Gained mutation: You have hidden genetic defects. [an orb
                  | of fire]
 52663 | Zot:5    | Gained mutation: Your magical capacity is low. (-10% MP)
                  | [an orb of fire]
 52664 | Zot:5    | Noticed a Killer Klown
 52664 | Zot:5    | Noticed an orb of fire
 52664 | Zot:5    | Gained mutation: You are weak. (Str -2) [an orb of fire]
 52666 | Zot:5    | Killed an orb of fire
 52668 | Zot:5    | Noticed an orb of fire
 52668 | Zot:5    | Killed an orb of fire
 52670 | Zot:5    | Lost mutation: Your magical capacity is low. (-10% MP) [an
                  | orb of fire]
 52671 | Zot:5    | Killed an orb of fire
 52678 | Zot:5    | Gained mutation: You are dopey. (Int -2) [an orb of fire]
 52680 | Zot:5    | Killed an orb of fire
 52685 | Zot:5    | Killed an orb of fire
 52701 | Zot:5    | Killed a Killer Klown
 52729 | Zot:5    | Gained mutation: Your magical capacity is low. (-10% MP)
                  | [hidden defects]
 52734 | Zot:5    | Noticed an ancient lich
 52737 | Zot:5    | Killed an ancient lich
 52780 | Zot:5    | Lost mutation: You occasionally lose the ability to read
                  | scrolls when taking damage. [potion of mutation]
 52780 | Zot:5    | Lost mutation: You are clumsy. (Dex -2) [potion of
                  | mutation]
 52780 | Zot:5    | Gained mutation: Your spells are a little harder to cast,
                  | but a little more powerful. [potion of mutation]
 52780 | Zot:5    | Gained mutation: Your flesh is heat resistant. (rF+)
                  | [potion of mutation]
 52781 | Zot:5    | Lost mutation: Your magical capacity is low. (-10% MP)
                  | [potion of mutation]
 52781 | Zot:5    | Lost mutation: You are dopey. (Int -2) [potion of mutation]
 52781 | Zot:5    | Lost mutation: You are weak. (Str -2) [potion of mutation]
 52781 | Zot:5    | Gained mutation: You are partially covered in iridescent
                  | scales. (AC +2) [potion of mutation]
 52781 | Zot:5    | Gained mutation: You are agile. (Dex +4, Str/Int -1)
                  | [potion of mutation]
 52781 | Zot:5    | Gained mutation: You are very agile. (Dex +8, Str/Int -2)
                  | [potion of mutation]
 52859 | Zot:5    | Got the Orb of Zot
 53123 | D:15     | Noticed Acozao the pandemonium lord
 53147 | D:15     | Killed Acozao the pandemonium lord
 53190 | D:15     | Noticed Edghow the pandemonium lord
 53353 | D:6      | Noticed Haicus the pandemonium lord
 53371 | D:6      | Killed Haicus the pandemonium lord
 53437 | D:6      | Noticed Itaisam the pandemonium lord
 53512 | D:4      | Gained mutation: You occasionally lose the ability to drink
                  | potions when taking damage. [a cacodemon]
 53662 | D:$      | Escaped with the Orb!

Illustrated notes

Levels and vault maps discovered:
D:1:      co_arrival_two_rings, layout_loops_corners, st_stairs_12
D:2:      minmay_roachtagon, layout_loops_ring, basic_altar,
          uniq_crazy_yiuf_cottage
D:3:      layout_basic, uniq_jessica, uniq_terence
D:4:      layout_basic, guppyfry_shop_venom, uniq_natasha, uniq_pikel
D:5:      layout_rooms, lemuel_crystal_altar
D:6:      black_bear_nest_2, layout_loops_ring, grunt_potential,
          uniq_blork_the_orc
D:7:      layout_basic, minmay_temple_entry_statues
D:8:      layout_basic, minmay_misc_feat_ornament
D:9:      layout_basic, serial_shops, nicolae_shop_getting_attention
D:10:     layout_loops_ring, lair_entry_dummy
D:11:     layout_roguey, uniq_psyche, uniq_urug
D:12:     nicolae_BIG_FREAKIN_CUBE, layout_irregular_city, orc_david_3,
          uniq_josephine, uniq_nessos
D:13:     minmay_triangles_in_corner, layout_basic, david_vaults_3,
          serial_corexii_hall, chequers_hall_statues_y,
          chequers_hall_statues_wall_a, nicolae_trove_entry_free_sample,
          uniq_snorg
D:14:     layout_loops_ring, dk_noncrumbling_3, serial_shops, shop_coins,
          uniq_agnes
D:15:     gammafunk_enter_depths_forms, layout_irregular_city,
          lemuel_doored_altar
Temple:   kilobyte_greek_temple
Lair:1:   layout_cave_pods
Lair:2:   cheibrodos_lair_overgrown_chateau, layout_regular_city,
          elwin_shoals_entry_rooms, ebering_ghost_reflecting_pool,
          hibernation_bobbens
Lair:3:   layout_cave_shapes, nicolae_spider_entry_orb_guardian,
          enter_volcano_4, serial_bayou_shore_a, uniq_rupert
Lair:4:   layout_loops_ring, nzn_ghost_randoct, serial_bayou_shore_b
Lair:5:   guppyfry_lair_end_dragon, layout_layer_cave, dpeg_slime_entry_enclosed
Shoals:1: layout_shoals
Shoals:2: layout_shoals, nicolae_shoals_hidden_pirate_stash, uniq_aizul,
          uniq_nikola
Shoals:3: layout_shoals, serial_shops, nicolae_stop_n_shop_2,
          nicolae_shoals_water_elemental_grotto
Shoals:4: shoals_end_grunt_ice, layout_shoals
Spider:1: layout_chambers, drop_trap, nicolae_spider_twisty_arc_passages
Spider:2: layout_chambers, worms_lemuel, uniq_roxanne
Spider:3: layout_cave_pods, drop_trap
Spider:4: grunt_spider_rune_parallel, drop_trap, uniq_arachne
Orc:1:    layout_caves, nicolae_orc_beogh_chapel
Orc:2:    st_orc_ogre_mass, layout_caves, basic_altar
Elf:1:    eino_elf_arrival_altar, layout_gridlike, basic_altar,
          nicolae_elf_shapeshifter_party, roderic_lattice_octagonal_star
Elf:2:    elven_hall_of_blades_hangedman_alternative
          [nicolae_blade_entry_sentries_behind_glass], layout_loops_ring,
          minmay_librarian
Elf:3:    minmay_elf_hall_not_hex, layout_rooms, serial_sigils_hangedman_writhe,
          nicolae_elf_hall_of_bonks
Vaults:1: mu_enter_wizlab_1, grunt_vaults_focal, vaults_mumra_chevron_long,
          vaults_standard_mumra_enter_the_diamond,
          nicolae_vaults_steering_wheel, grunt_vaults_hallway_long,
          nicolae_vaults_quadrants, hangedman_vaults_slither, v_rooms_2,
          lightli_orcish_oven, nicolae_vaults_border_crossing,
          nicolae_vaults_little_squares_5, nicolae_vaults_double_plus_2,
          nicolae_vaults_storage_room_doors, layout_vaults_omnibox
Vaults:2: nicolae_vaults_triangles, v_misc_33, minmay_crypt_entry_necro_gods,
          v_misc_25, nicolae_vaults_asterisk, ontoclasm_vaults_idyll,
          vaults_room_stairs_pillars, nicolae_vaults_shelves_hall,
          layout_vaults_quadrants
Vaults:3: ontoclasm_vaults_loading_screen, nicolae_vaults_big_ls,
          nicolae_vaults_shrinking_rooms_1, nicolae_vaults_storage_room_statues,
          nicolae_vaults_weapon_check, ontoclasm_vaults_tryst,
          vaults_room_semicircle, nicolae_vaults_off_center_swirl,
          nicolae_vaults_storage_closets_1, v_misc_11, vaults_room_pools,
          vaults_room_boxed, nicolae_vaults_trapezoid_2, layout_vaults_ring,
          serial_shops
Vaults:4: portal_desolation_entry_nicolae_slug, vaults_room_corners, v_misc_33,
          nicolae_vaults_offset_grid_hallway_1,
          serial_library_regret_index_small_wings, v_misc_32,
          nicolae_vaults_wine_cellar, v_misc_27, ontoclasm_vaults_pinch,
          v_misc_16, nicolae_vaults_windows_and_doors_thing,
          layout_vaults_omnicross, uniq_bai_suzhen
Vaults:5
Depths:1: cheibrodos_hall_of_evolution, layout_gridlike, abyss_entry,
          hell_entry, kennysheep_generic_room_3
Depths:2: minmay_the_grid_ultimate [minmay_the_grid_prize_diamond_cup,
          minmay_the_grid_prize_inner_circle,
          minmay_the_grid_prize_shrinking_boxes, minmay_the_grid_prize_big_room,
          minmay_the_grid_square_5x5_inner_z,
          minmay_the_grid_square_5x5_detours,
          minmay_the_grid_square_5x5_inner_i,
          minmay_the_grid_square_5x5_intrusive_squares,
          minmay_the_grid_square_5x5_two, minmay_the_grid_square_5x5_empty,
          minmay_the_grid_square_5x5_minimal, minmay_the_grid_square_5x5_mess,
          minmay_the_grid_square_5x5_eight, minmay_the_grid_square_5x5_corner,
          minmay_the_grid_square_5x5_checkered,
          minmay_the_grid_square_5x5_eight_small,
          minmay_the_grid_square_5x5_percent, minmay_the_grid_square_5x5_c,
          minmay_the_grid_square_5x5_bite,
          minmay_the_grid_triangle_9x9_from_above,
          minmay_the_grid_triangle_9x9_windchime,
          minmay_the_grid_triangle_9x9_skeleton,
          minmay_the_grid_triangle_9x9_empty,
          minmay_the_grid_triangle_9x9_dagger,
          minmay_the_grid_triangle_9x9_cache,
          minmay_the_grid_triangle_9x9_checkered,
          minmay_the_grid_triangle_9x9_longest,
          minmay_the_grid_triangle_9x9_descending_squares,
          minmay_the_grid_triangle_9x9_alien,
          minmay_the_grid_triangle_9x9_sparse_checkered,
          minmay_the_grid_triangle_9x9_zippers_horizontal,
          minmay_the_grid_triangle_9x9_zippers_vertical,
          minmay_the_grid_triangle_9x9_limited_checkers,
          minmay_the_grid_triangle_9x9_subtriangle,
          minmay_the_grid_triangle_9x9_pentomino_pain,
          minmay_the_grid_square_5x5_three_walls, minmay_the_grid_octo_clover,
          minmay_the_grid_octo_shrine, minmay_the_grid_octo_checkerflower,
          minmay_the_grid_octo_teeth, minmay_the_grid_octo_fat_diamond,
          minmay_the_grid_octo_chip, minmay_the_grid_octo_empty,
          minmay_the_grid_octo_77, minmay_the_grid_holed_spiral,
          minmay_the_grid_paths, minmay_the_grid_empty,
          minmay_the_grid_tri_star], pan_entry, hell_entry
Depths:3: minmay_dotted_concentric_squares, layout_gridville, abyss_entry,
          nrook_mini_vaults, hell_entry, reono_crystal_passage,
          infiniplex_staircase_trident, firewood_loft, uniq_sojobo
Depths:4: evilmike_zot_entry_round, layout_gridlike, hell_entry,
          serial_bayou_pond_d, abyss_entry_glasseish
Zot:1:    layout_basic
Zot:2:    layout_gridlike, regret_index_zotdec_silver_v_v_loose
Zot:3:    gammafunk_sealed_arena, layout_misc_corridors,
          regret_index_zotdec_carving_tricks
Zot:4:    layout_gridlike, gammafunk_ghost_abyssal_escape
Zot:5:    layout_twisted_circle

Skill      XL: |  1  2  3  4  5  6  7  8  9 10 11 12 13 14 15 16 17 18 19 20 21 22 23 24 25 |
---------------+----------------------------------------------------------------------------+-----
Unarmed Combat | 1 3 4 5 6 9 10 12 14 17 20 22 24 26 27 | 27.0
Fighting       | 2 6 9 10 12 14 16 17 19 22 23 24 25 26 | 26.3
Armour         | 6 8 12 14 16 18 20 21 22 23 24 | 24.8
Evocations     | 5 12 17 | 17.5
Dodging        | 6 9 12 14 16 | 16.1
Shields        | 8 11 13 16 18 | 18.0
Stealth        | |  1.5
Spellcasting   | |  1.3
Summonings     | |  2.9

Action                     |  1- 3 |  4- 6 |  7- 9 | 10-12 | 13-15 | 16-18 | 19-21 | 22-24 | 25-27 || total
---------------------------+-------+-------+-------+-------+-------+-------+-------+-------+-------++-------
  Melee: Unarmed           |    91 |   294 |   291 |   767 |  1221 |  1811 |  1672 |  1902 |   453 ||  8502
         Headbutt          |     9 |    46 |    55 |   160 |   307 |   442 |   484 |   542 |   133 ||  2178
         Punch             |     3 |    11 |    20 |    54 |   171 |    10 |       |       |       ||   269
         Bite              |       |       |       |       |       |       |       |       |    45 ||    45
 Invoke: Serpent's Lash    |       |       |       |       |     1 |     3 |     1 |     1 |     1 ||     7
         Heavenly Storm    |       |       |       |       |       |       |       |       |     1 ||     1
Ability: Lunge             |       |       |     1 |    30 |    79 |    94 |   109 |   117 |    23 ||   453
         Whirlwind         |       |       |       |     4 |   145 |   450 |   323 |   341 |    82 ||  1345
         Wall Jump         |       |       |       |     1 |     3 |     2 |     1 |     1 |     1 ||     9
  Evoke: Wand              |       |       |       |     3 |     3 |       |       |       |       ||     6
    Use: Scroll            |     2 |     3 |     5 |    12 |    11 |    11 |     2 |    10 |     1 ||    57
         Potion            |       |     3 |       |       |     3 |     6 |       |     1 |    18 ||    31
   Stab: Petrified         |       |       |       |       |     4 |       |       |       |       ||     4
         Petrifying        |       |       |       |       |     3 |       |       |       |       ||     3
         Invisible         |       |       |       |       |     1 |       |       |     5 |       ||     6
         Distracted        |       |       |       |       |       |       |       |     1 |       ||     1
 Armour: Robe              |    21 |       |       |       |       |       |       |       |       ||    21
         Scale mail        |    41 |    90 |       |       |       |       |       |       |       ||   131
         Ring mail         |       |   102 |    83 |       |       |       |       |       |       ||   185
         Plate armour      |       |       |   147 |    36 |   111 |  1255 |   732 |   901 |   205 ||  3387
         Chain mail        |       |       |       |   600 |   809 |       |       |       |       ||  1409
         Skin              |       |       |       |     2 |       |       |       |       |       ||     2
  Dodge: Dodged            |    42 |   112 |    81 |   278 |   371 |   776 |   443 |   341 |    64 ||  2508
  Block: Buckler           |       |       |       |       |       |   341 |    48 |       |       ||   389
         Kite shield       |       |       |       |       |       |       |   417 |   592 |   150 ||  1159

Table legend: (Time is in decaauts)
 A = Elapsed time spent in this place.
 B = Non-inter-level travel time spent in this place.
 C = Inter-level travel time spent in this place.
 D = Time resting spent in this place.
 E = Time spent auto-exploring this place.
 F = Levels seen in this place.
 G = Mean time per level.
                   A        B        C        D        E       F      G
               +--------+--------+--------+--------+--------+-----+--------+
         Total |  51724 |  47731 |   3993 |   6155 |  28614 |  51 | 1014.2 |
       Dungeon |  16944 |  15718 |   1226 |   2584 |   9465 |  15 | 1129.6 |
        Temple |     69 |      3 |     66 |      0 |      0 |   1 |   69.0 |
          Lair |   4803 |   4378 |    425 |    469 |   2560 |   5 |  960.6 |
        Shoals |   3632 |   3449 |    183 |    388 |   2229 |   4 |  908.0 |
   Spider Nest |   5346 |   5090 |    256 |    895 |   2970 |   4 | 1336.5 |
  Orcish Mines |    942 |    731 |    211 |     63 |    399 |   2 |  471.0 |
   Elven Halls |   2146 |   2089 |     57 |    119 |   1185 |   3 |  715.3 |
        Vaults |   6826 |   6030 |    796 |    255 |   3920 |   5 | 1365.2 |
        Depths |   5205 |   4701 |    504 |    435 |   3135 |   4 | 1301.2 |
           Zot |   3864 |   3598 |    266 |    599 |   1988 |   5 |  772.8 |
       Volcano |    311 |    311 |      0 |     61 |     84 |   1 |  311.0 |
        Wizlab |    967 |    967 |      0 |    215 |    375 |   1 |  967.0 |
    Desolation |    663 |    663 |      0 |     70 |    303 |   1 |  663.0 |
               +--------+--------+--------+--------+--------+-----+--------+

Top non-repeatable levels by time:
Depths:2: 2104 daAuts
     D:4: 1878 daAuts
Vaults:1: 1659 daAuts
    D:14: 1641 daAuts
Vaults:5: 1475 daAuts
Spider:2: 1461 daAuts
     D:3: 1438 daAuts
Spider:4: 1425 daAuts
Vaults:2: 1377 daAuts
  Lair:2: 1341 daAuts
Vaults:4: 1270 daAuts
Spider:3: 1254 daAuts
Depths:1: 1251 daAuts
     D:1: 1223 daAuts
   Zot:5: 1215 daAuts
